 Dungeon Sprint DCSS version 0.29.1-15-g9cfb28693d (webtiles) character file.

Game seed: 3283642906098683196

4000000 sircluck the Conqueror (level 25, -20/234 HPs)
             Began as a Formicid Abyssal Knight on Apr 18, 2023.
             Was the Champion of Lugonu.
             Killed by an exploding large bag of meat (33 damage)
             ... ignited by their inner flame
             ... in the Dungeon (Sprint VIII: "Arena of Blood").
             The game lasted 00:03:00 (40 turns).

sircluck the Conqueror (Formicid Abyssal Knight)      Turns: 40, Time: 00:03:00

Health: -20/234    AC:  6    Str: 26    XL:     25   Next: 76%
Magic:  6/43       EV: 26    Int: 14    God:    Lugonu [******]
Gold:   0          SH:  0    Dex: 14    Spells: 56/56 levels left

rFire   . . .      SeeInvis +   f - +∞ Axe of Woe
rCold   . . .      Faith    .   (no shield)
rNeg    . . .      Spirit   .   b - +0 leather armour
rPois   .          Reflect  .   (helmet unavailable)
rElec   .          Harm     .   (no cloak)
rCorr   .          Rampage  .   (no gloves)
Will    ++...                   (no boots)
Stlth   +++++++...              (no amulet)
HPRegen 0.49/turn               (no ring)
MPRegen 0.28/turn               (no ring)

@: no status effects
A: permanent stasis, dig shafts and tunnels, antennae 3, four strong arms
a: Dig, Renounce Religion, Bend Space, Banish, Corrupt, Brand Weapon With
Distortion


You were in the Dungeon.
You worshipped Lugonu.
Lugonu was exalted by your worship.
You visited 1 branch

Inventory:

Hand Weapons
 a - a +1 mace
 f - the +∞ Axe of Woe (weapon)
   (You found it in the Dungeon)
Armour
 b - a +0 leather armour (worn)
Potions
 c - a potion of curing
 e - 2 potions of magic


   Skills:
 O Level 27 Fighting
 + Level 18.1(20.5) Short Blades
 + Level 16.3(19.7) Long Blades
 O Level 27 Axes
 O Level 27 Maces & Flails
 + Level 16.3(25.2) Polearms
 + Level 16.3(25.2) Staves
 + Level 16.3 Ranged Weapons
 + Level 16.3 Throwing
 O Level 27 Armour
 O Level 27 Dodging
 + Level 20.7 Stealth
 + Level 20.7 Shields
 + Level 16.3 Unarmed Combat
 + Level 16.3 Spellcasting
 + Level 15.1 Conjurations
 + Level 21.1 Hexes
 + Level 18.1 Summonings
 + Level 18.1 Necromancy
 + Level 16.7 Translocations
 + Level 19.6 Transmutations
 + Level 18.1 Fire Magic
 + Level 18.1 Ice Magic
 + Level 15.4 Air Magic
 + Level 21.1 Earth Magic
 + Level 22.8 Poison Magic
 O Level 27 Invocations
 + Level 19.6 Evocations


You had 56 spell levels left.
You didn't know any spells.
Your spell library was empty.

Dungeon Overview and Level Annotations

Branches:
Dungeon (1/1)

Altars:
Makhleb


Innate Abilities, Weirdness & Mutations

You cannot be hasted, slowed, berserked, paralysed or teleported.
You can dig through walls and to a lower floor.
You have a pair of large antennae on your head. (SInv)
Your four strong arms can wield two-handed weapons with a shield.


Message History

Your Ice Magic skill increases to level 17!
Your Air Magic skill increases to level 15!
Your Earth Magic skill increases to level 20!
Your Poison Magic skill increases to level 22!
Your Evocations skill increases to level 19!
Unknown command.
You hit the bag of meat. You chop the bag of meat into pieces.
You kill the bag of meat!
Lugonu accepts your kill.
You hit the bag of meat.
You hew the bag of meat savagely.
You kill the bag of meat!
Lugonu accepts your kill.
You hit the bag of meat.
You fatally mangle the bag of meat.
You kill the bag of meat!
Lugonu accepts your kill.
You hear a shout! x4
Your base Short Blades skill increases to level 18!
Your base Polearms skill increases to level 16!
Your base Staves skill increases to level 16!
Your Ranged Weapons skill increases to level 16!
Your Throwing skill increases to level 16!
Your Unarmed Combat skill increases to level 16!
Your Spellcasting skill increases to level 16!
Your Conjurations skill increases to level 15!
Your Hexes skill increases to level 21!
Your Summonings skill increases to level 18!
Your Necromancy skill increases to level 18!
Your Fire Magic skill increases to level 18!
Your Ice Magic skill increases to level 18!
Your Earth Magic skill increases to level 21!
You slice the large bag of meat!!
Flame seeps out of the large bag of meat.
You slaughter the large bag of meat joyfully.
Lugonu accepts your kill.
You slice the bag of meat!!
You butcher the bag of meat messily.
You kill the bag of meat!
Lugonu accepts your kill.
The large bag of meat explodes!
The fiery explosion engulfs you!!
You die...

#.......#........o.. #..
....# ..........# #..
....###.......... .
...###.............###..
...._.....))V....{......
#.....#..)))).#.#.... .
#_.<._#..)).)..........
.#....)#...)).#§#)#.....
..{o{.........§○@)...o..
o.o###.......V§#§#o#..#.
#.. ....###.....Oo.o.
#.....o.#.......oo....#
#.....{.#.......o....#..
........................
............#...#......
...........#....#....O#


You could see 2 destroyers, 2 large bags of meat and 7 bags of meat.

Vanquished Creatures
  4 vampire knights (D)
  16 ogres (D)
  A two-headed ogre (D)
  50 orcs (D)
  A skeletal warrior (D)
72 creatures vanquished.

Notes
Turn   | Place    | Note
-------+----------+-------------------------------------------
     0 | D        | Found the +∞ Axe of Woe
     0 | D        | sircluck the Formicid Abyssal Knight began the quest for
                  | the Orb.
     0 | D        | Reached XP level 1. HP: 18/18 MP: 2/2
     2 | D        | Noticed a bag of meat
     2 | D        | Noticed a bag of meat
     4 | D        | Noticed a bag of meat
     4 | D        | Noticed a meat berserker
     5 | D        | Noticed a bag of meat
     6 | D        | Noticed a bag of meat
     6 | D        | Noticed a bag of meat
     6 | D        | Noticed a bag of meat
     6 | D        | Noticed a meat berserker
     6 | D        | Noticed a bag of meat
     6 | D        | Noticed a bag of meat
     7 | D        | Killed a meat berserker
     7 | D        | Noticed a bag of meat
     7 | D        | Noticed a bag of meat
     7 | D        | Noticed a bag of meat
     7 | D        | Noticed a bag of meat
     8 | D        | Reached XP level 2. HP: 58/58 MP: 2/9
     8 | D        | Reached XP level 3. HP: 65/65 MP: 2/10
     8 | D        | Reached XP level 4. HP: 72/72 MP: 2/12
     8 | D        | Reached XP level 5. HP: 79/79 MP: 2/13
     8 | D        | Reached XP level 6. HP: 87/87 MP: 2/15
     8 | D        | Reached XP level 7. HP: 94/94 MP: 2/16
     8 | D        | Reached XP level 8. HP: 101/101 MP: 2/17
     8 | D        | Reached XP level 9. HP: 108/108 MP: 2/18
     8 | D        | Reached XP level 10. HP: 116/116 MP: 2/19
     8 | D        | Reached XP level 11. HP: 122/122 MP: 2/20
     8 | D        | Reached XP level 12. HP: 130/130 MP: 2/21
     8 | D        | Noticed a meat berserker
     8 | D        | Noticed a meat berserker
     9 | D        | Noticed a bag of meat
     9 | D        | Noticed a bag of meat
     9 | D        | Noticed a bag of meat
     9 | D        | Noticed a meat berserker
     9 | D        | Noticed a bag of meat
     9 | D        | Noticed a bag of meat
    10 | D        | Killed a bag of meat
    10 | D        | Reached *** piety under Lugonu
    10 | D        | Killed a bag of meat
    10 | D        | Killed a meat berserker
    10 | D        | Killed a bag of meat
    10 | D        | Reached **** piety under Lugonu
    10 | D        | Noticed a bag of meat
    10 | D        | Noticed a bag of meat
    11 | D        | Reached skill level 27 in Fighting
    11 | D        | Reached XP level 13. HP: 55/145 MP: 0/26
    11 | D        | Reached XP level 14. HP: 58/153 MP: 0/27
    11 | D        | Killed a bag of meat
    11 | D        | Killed a bag of meat
    11 | D        | Killed a bag of meat
    11 | D        | Killed a bag of meat
    11 | D        | Noticed a meat berserker
    11 | D        | Noticed a bag of meat
    12 | D        | Reached skill level 5 in Dodging
    12 | D        | Reached XP level 15. HP: 61/159 MP: 0/29
    12 | D        | Killed a meat berserker
    12 | D        | Reached ***** piety under Lugonu
    13 | D        | Reached XP level 16. HP: 65/167 MP: 1/31
    14 | D        | Killed a meat berserker
    15 | D        | Reached XP level 17. HP: 68/174 MP: 1/33
    15 | D        | Noticed a meat berserker
    15 | D        | Noticed a meat berserker
    16 | D        | Reached ****** piety under Lugonu
    16 | D        | Killed a meat berserker
    17 | D        | Reached skill level 27 in Axes
    17 | D        | Reached skill level 27 in Maces & Flails
    17 | D        | Reached skill level 27 in Armour
    17 | D        | Reached skill level 27 in Invocations
    17 | D        | Reached XP level 18. HP: 72/182 MP: 1/35
    17 | D        | Killed a meat berserker
    18 | D        | Reached XP level 19. HP: 75/189 MP: 1/36
    19 | D        | Noticed a destroyer
    19 | D        | Noticed a meat berserker
    19 | D        | Noticed a meat berserker
    19 | D        | Noticed a meat berserker
    19 | D        | Noticed a meat berserker
    20 | D        | Noticed a destroyer
    20 | D        | Noticed a meat berserker
    22 | D        | Killed a destroyer
    22 | D        | Killed a meat berserker
    22 | D        | Killed a meat berserker
    22 | D        | Noticed a meat berserker
    23 | D        | Reached skill level 27 in Dodging
    23 | D        | Reached XP level 20. HP: 22/197 MP: 3/37
    23 | D        | Noticed a large bag of meat
    23 | D        | HP: 6/197 [meat berserker/+9 battleaxe (34)]
    23 | D        | Noticed a meat berserker
    24 | D        | Killed a meat berserker
    25 | D        | Reached skill level 5 in Long Blades
    25 | D        | Reached skill level 5 in Polearms
    25 | D        | Reached skill level 5 in Staves
    25 | D        | Reached skill level 5 in Ranged Weapons
    25 | D        | Reached skill level 5 in Throwing
    25 | D        | Reached skill level 5 in Unarmed Combat
    25 | D        | Reached skill level 5 in Spellcasting
    25 | D        | Reached skill level 5 in Translocations
    25 | D        | Reached skill level 5 in Air Magic
    25 | D        | Killed a meat berserker
    26 | D        | Reached XP level 21. HP: 7/204 MP: 3/38
    26 | D        | Noticed a destroyer
    26 | D        | Killed a meat berserker
    26 | D        | Noticed a meat berserker
    27 | D        | Reached skill level 10 in Poison Magic
    27 | D        | Killed a meat berserker
    28 | D        | Reached skill level 10 in Transmutations
    28 | D        | Reached skill level 10 in Evocations
    28 | D        | Noticed a large bag of meat
    29 | D        | Reached skill level 10 in Short Blades
    29 | D        | Reached skill level 10 in Summonings
    29 | D        | Reached skill level 10 in Necromancy
    29 | D        | Reached skill level 10 in Fire Magic
    29 | D        | Reached skill level 10 in Ice Magic
    29 | D        | Killed a meat berserker
    30 | D        | Reached XP level 22. HP: 8/212 MP: 4/39
    30 | D        | Killed a meat berserker
    31 | D        | Reached skill level 10 in Conjurations
    31 | D        | Reached skill level 10 in Air Magic
    31 | D        | Reached skill level 15 in Poison Magic
    32 | D        | Reached skill level 15 in Hexes
    32 | D        | Reached skill level 15 in Earth Magic
    32 | D        | Reached XP level 23. HP: 9/219 MP: 4/40
    33 | D        | Reached skill level 15 in Stealth
    33 | D        | Reached skill level 15 in Shields
    33 | D        | Reached skill level 15 in Transmutations
    33 | D        | Reached skill level 15 in Evocations
    33 | D        | Noticed a destroyer
    34 | D        | Noticed a destroyer
    35 | D        | Reached XP level 24. HP: 11/227 MP: 5/40
    36 | D        | Reached skill level 15 in Short Blades
    36 | D        | Reached skill level 15 in Summonings
    36 | D        | Reached skill level 15 in Necromancy
    36 | D        | Reached skill level 15 in Fire Magic
    36 | D        | Reached skill level 15 in Ice Magic
    37 | D        | Noticed a destroyer
    37 | D        | Killed a destroyer
    37 | D        | Killed a destroyer
    38 | D        | Reached skill level 15 in Long Blades
    38 | D        | Reached skill level 15 in Polearms
    38 | D        | Reached skill level 15 in Staves
    38 | D        | Reached skill level 15 in Ranged Weapons
    38 | D        | Reached skill level 15 in Throwing
    38 | D        | Reached skill level 15 in Unarmed Combat
    38 | D        | Reached skill level 15 in Spellcasting
    38 | D        | Reached skill level 15 in Translocations
    38 | D        | Reached XP level 25. HP: 12/234 MP: 5/42
    38 | D        | Killed a destroyer
    38 | D        | Noticed a large bag of meat
    39 | D        | Reached skill level 15 in Air Magic
    40 | D        | Reached skill level 15 in Conjurations
    40 | D        | Killed a large bag of meat
    40 | D        | Killed by an exploding large bag of meat... ignited by
                  | their inner flame

Illustrated notes

Levels and vault maps discovered:
D:        meatsprint

Skill      XL: |  1  2  3  4  5  6  7  8  9 10 11 12 13 14 15 16 17 18 19 20 21 22 23 24 25 |
---------------+----------------------------------------------------------------------------+-----
Fighting       | 24 27 | 27.0
Axes           | 4 12 16 20 21 27 | 27.0
Maces & Flails | 11 17 19 21 22 27 | 27.0
Armour         | 12 18 20 22 23 27 | 27.0
Dodging        | 2 4 5 6 7 13 20 27 | 27.0
Invocations    | 12 18 21 23 24 27 | 27.0
Short Blades   | 7 10 12 14 16 18 | 18.1
Long Blades    | 6 9 11 13 15 16 | 16.3
Polearms       | 6 9 11 13 15 16 | 16.3
Staves         | 6 9 11 13 15 16 | 16.3
Ranged Weapons | 6 9 11 13 15 16 | 16.3
Throwing       | 6 9 11 13 15 16 | 16.3
Stealth        | 8 12 14 17 19 20 | 20.7
Shields        | 8 12 14 17 19 20 | 20.7
Unarmed Combat | 6 9 11 13 15 16 | 16.3
Spellcasting   | 6 9 11 13 15 16 | 16.3
Conjurations   | 6 8 10 12 14 15 | 15.1
Hexes          | 9 12 15 17 19 21 | 21.1
Summonings     | 7 10 12 14 16 18 | 18.1
Necromancy     | 7 10 12 14 16 18 | 18.1
Translocations | 6 9 11 13 15 16 | 16.7
Transmutations | 8 11 14 16 18 19 | 19.6
Fire Magic     | 7 10 12 14 16 18 | 18.1
Ice Magic      | 7 10 12 14 16 18 | 18.1
Air Magic      | 6 9 10 12 14 15 | 15.4
Earth Magic    | 9 12 15 17 19 21 | 21.1
Poison Magic   | 9 13 16 18 21 22 | 22.8
Evocations     | 8 11 14 16 18 19 | 19.6

Action                   |  1- 3 |  4- 6 |  7- 9 | 10-12 | 13-15 | 16-18 | 19-21 | 22-24 | 25-27 || total
-------------------------+-------+-------+-------+-------+-------+-------+-------+-------+-------++-------
Melee: Executioner's axe |     1 |       |       |     1 |     2 |     4 |     7 |     7 |     3 ||    25
Invok: Bend Space        |       |       |       |     2 |       |       |       |       |       ||     2
  Use: Potion            |       |       |       |       |       |       |     1 |       |       ||     1
Dodge: Dodged            |       |       |       |       |       |       |     1 |       |       ||     1
